 Dungeon Crawl Stone Soup version 0.30-a0-335-ge5acde7520 (webtiles) character file.

Game seed: 10822775132554737761

2016 billz999 the Skirmisher (level 9, -9/68 (69) HPs)
             Began as a Gnoll Hunter on Oct 30, 2022.
             Was an Elder of Makhleb.
             Shot with an arrow by something (14 damage)
             ... on level 7 of the Dungeon.
             The game lasted 00:15:06 (5648 turns).

billz999 the Skirmisher (Gnoll Hunter)              Turns: 5648, Time: 00:15:06

HP:   -9/68 (69)    AC:  6    Str: 16    XL:     9   Next: 23%
MP:   15/15         EV: 16    Int:  8    God:    Makhleb [****..]
Gold: 78            SH:  5    Dex: 21    Spells: 16/16 levels left

rFire   . . .      SeeInvis .    b - +2 dagger (venom)
rCold   . . .      Faith    .    (no shield)
rNeg    . . .      Spirit   .    c - +0 leather armour
rPois   .          Reflect  +    (no helmet)
rElec   .          Harm     .    n - scarf {repulsion}
rCorr   .          Rampage  .    k - +1 pair of gloves
Will    .....                    H - +0 pair of boots
Stlth   +++.......               x - amulet of reflection
HPRegen 0.31/turn                j - +6 ring of strength
MPRegen 0.14/turn                (no ring)

@: about to teleport, lightly drained, repel missiles
A: fangs 1, strong nose, distributed training
a: Renounce Religion, Minor Destruction, Lesser Servant of Makhleb, Major
Destruction


You were on level 7 of the Dungeon.
You worshipped Makhleb.
Makhleb was greatly pleased with you.
You visited 1 branch of the dungeon, and saw 7 of its levels.

You collected 282 gold pieces.
You spent 204 gold pieces at shops.

Inventory:

Hand Weapons
 a - a +0 shortbow
 b - a +2 dagger of venom (weapon)
Missiles
 m - 6 poisoned darts
 I - a throwing net
Armour
 c - a +0 leather armour (worn)
 k - a +1 pair of gloves (worn)
 n - a scarf of repulsion (worn)
 r - an orb of mayhem
 H - a +0 pair of boots (worn)
Jewellery
 j - a +6 ring of strength (left hand)
 x - an amulet of reflection (around neck)
 A - a ring of positive energy
 F - an amulet of the acrobat
Scrolls
 d - a scroll of brand weapon
 g - a scroll of fear
 i - 2 scrolls of amnesia
 l - a scroll of immolation
 o - 3 scrolls of noise
 p - a scroll of enchant armour
 s - a scroll of teleportation
 y - 2 scrolls of magic mapping
 z - 2 scrolls of butterflies
 B - a scroll of enchant weapon
 C - a scroll of torment {unknown}
 G - a scroll of identify
Potions
 e - a potion of curing
 f - a potion of flight
 h - 2 potions of magic
 q - a potion of cancellation {unknown}
 t - a potion of berserk rage
 u - a potion of lignification {unknown}
 v - 2 potions of ambrosia {unknown}
 w - 2 potions of haste {unknown}
 D - a potion of invisibility {unknown}
 E - a potion of heal wounds {unknown}


   Skills:
 + Level 6.3 Fighting
 + Level 4.2 Short Blades
 + Level 4.2 Long Blades
 + Level 4.2 Axes
 + Level 4.2 Maces & Flails
 + Level 4.2 Polearms
 + Level 4.2 Staves
 + Level 9.5 Ranged Weapons
 + Level 4.2 Throwing
 + Level 4.2 Armour
 + Level 6.3 Dodging
 + Level 4.9 Stealth
 + Level 4.2 Shields
 + Level 4.2 Unarmed Combat
 + Level 4.2 Spellcasting
 + Level 3.4 Conjurations
 + Level 3.4 Hexes
 + Level 3.4 Summonings
 + Level 3.4 Necromancy
 + Level 3.4 Translocations
 + Level 3.4 Transmutations
 + Level 3.4 Fire Magic
 + Level 3.4 Ice Magic
 + Level 3.4 Air Magic
 + Level 3.4 Earth Magic
 + Level 3.4 Poison Magic
 + Level 4.6 Invocations
 + Level 4.2 Evocations


You had 16 spell levels left.
You didn't know any spells.
Your spell library contained the following spells:

 Spells                   Type           Power      Damage    Failure   Level
 Blink                    Tloc           14%        N/A       12%         2
 Momentum Strike          Conj/Tloc      14%        3d8       12%         2
 Lesser Beckoning         Tloc           14%        N/A       24%         3


Dungeon Overview and Level Annotations

Branches:
Dungeon (7/15)             Temple (0/1) D:6

Altars:
Makhleb
Nemelex Xobeh
Okawaru
Zin

Shops:
D:4 ?   D:7 (


Innate Abilities, Weirdness & Mutations

You have very sharp teeth.
Your uncanny sense of smell can sniff out nearby items.
Your experience applies equally to all skills.


Message History

The vampire closely misses you. The vampire bites you.
The vampire draws strength from your injuries!
You closely miss the vampire. You bite the vampire, but do no damage.
The vampire is lightly damaged.
The vampire closely misses you. You block the vampire's attack.
You hit the vampire but do no damage. You bite the vampire, but do no damage.
The vampire is lightly damaged.
The vampire closely misses you. The vampire misses you.
You hit the vampire but do no damage. You bite the vampire, but do no damage.
The vampire is lightly damaged.
The vampire misses you. The vampire bites you.
The vampire draws strength from your injuries!
You hit the vampire.
The vampire is lightly damaged.
You hit the vampire.
The vampire is lightly damaged.
The vampire barely misses you. The vampire closely misses you.
You hit the vampire but do no damage.
The vampire is lightly damaged.
The vampire hits you! The vampire bites you!
* * * LOW HITPOINT WARNING * * *
The vampire draws strength from your injuries!
You hit the vampire but do no damage. You bite the vampire, but do no damage.
The vampire is lightly damaged.
The vampire hits you!
* * * LOW HITPOINT WARNING * * *
The vampire misses you.
You hit the vampire but do no damage.
The vampire is lightly damaged.
As you read the scroll of teleportation, it crumbles to dust.
You feel strangely unstable.
The vampire gestures wildly while chanting.
The vampire flickers and vanishes!
Deactivating autopickup; reactivate with Ctrl-A.
Something hits you but does no damage. Something bites you.
* * * LOW HITPOINT WARNING * * *
Something draws strength from your injuries!
You hear a twanging sound.
An arrow appears from out of thin air!
The arrow hits you!
You die...

#
##............########
........## ........#
........## #
'#######..######..
.(.....#..........
.......#..........
...V...##.........
⌠......###@...###.
.......#...####
.......#{###
⌠..⌠s..'s# .......###
....... ⌠......
....... .......


You could see a scorpion.

Vanquished Creatures
  Menkaure (D:5)
  A sky beast (D:6)
  An ice beast (D:5)
  A black bear (D:5)
  An ogre (D:5)
  2 centaurs
  A gnoll sergeant (D:6)
  A necrophage (D:6)
  3 scorpions
  3 wights (D:7)
  A howler monkey (D:5)
  3 jellies
  5 hounds
  3 orc priests
  5 iguanas
  3 orc wizards
  A hound skeleton (D:6)
  15 gnolls
  5 adders
  2 ufetubi
  3 worms
  2 dart slugs
  22 orcs
  7 endoplasms
  6 giant cockroaches
  9 goblins
  10 hobgoblins
  4 jackals (D:1)
  5 quokkas
  8 ball pythons
  4 bats
  5 frilled lizards
  6 kobolds
  5 rats
154 creatures vanquished.

Vanquished Creatures (others)
  6 fungi (D:2)
  4 plants (D:2)
10 creatures vanquished.

Grand Total: 164 creatures vanquished

Notes
Turn   | Place    | Note
-------+----------+-------------------------------------------
     0 | D:1      | billz999 the Gnoll Hunter began the quest for the Orb.
     0 | D:1      | Reached XP level 1. HP: 20/20 MP: 1/1
   161 | D:1      | Reached XP level 2. HP: 24/26 MP: 2/2
   425 | D:1      | Reached XP level 3. HP: 27/31 MP: 3/3
   696 | D:2      | Reached skill level 1 in Invocations
   741 | D:2      | Reached skill level 1 in Short Blades
   741 | D:2      | Reached skill level 1 in Long Blades
   741 | D:2      | Reached skill level 1 in Axes
   741 | D:2      | Reached skill level 1 in Maces & Flails
   741 | D:2      | Reached skill level 1 in Polearms
   741 | D:2      | Reached skill level 1 in Staves
   741 | D:2      | Reached skill level 1 in Throwing
   741 | D:2      | Reached skill level 1 in Armour
   741 | D:2      | Reached skill level 1 in Shields
   741 | D:2      | Reached skill level 1 in Unarmed Combat
   741 | D:2      | Reached skill level 1 in Spellcasting
   741 | D:2      | Reached skill level 1 in Evocations
   969 | D:2      | Found a faded altar of an unknown god.
   983 | D:2      | Prayed at the altar of an unknown god.
   983 | D:2      | Became a worshipper of Makhleb the Destroyer
   983 | D:2      | Reached * piety under Makhleb
  1034 | D:2      | Reached XP level 4. HP: 38/38 MP: 5/5
  1426 | D:3      | Reached skill level 1 in Conjurations
  1426 | D:3      | Reached skill level 1 in Hexes
  1426 | D:3      | Reached skill level 1 in Summonings
  1426 | D:3      | Reached skill level 1 in Necromancy
  1426 | D:3      | Reached skill level 1 in Translocations
  1426 | D:3      | Reached skill level 1 in Transmutations
  1426 | D:3      | Reached skill level 1 in Fire Magic
  1426 | D:3      | Reached skill level 1 in Ice Magic
  1426 | D:3      | Reached skill level 1 in Air Magic
  1426 | D:3      | Reached skill level 1 in Earth Magic
  1426 | D:3      | Reached skill level 1 in Poison Magic
  1515 | D:3      | Reached XP level 5. HP: 40/43 MP: 7/7
  1669 | D:3      | Reached ** piety under Makhleb
  2278 | D:4      | Found Lipt's Magic Scroll Shoppe.
  2318 | D:4      | Reached XP level 6. HP: 37/50 MP: 8/8
  2346 | D:4      | Reached skill level 5 in Fighting
  2346 | D:4      | Reached skill level 5 in Dodging
  2364 | D:4      | Bought a scroll of brand weapon for 114 gold pieces
  2601 | D:4      | Reached XP level 7. HP: 56/56 MP: 10/10
  2724 | D:5      | Entered Level 5 of the Dungeon
  2749 | D:5      | Reached *** piety under Makhleb
  2862 | D:4      | Found an iron altar of Okawaru.
  2877 | D:4      | Found a glowing silver altar of Zin.
  3086 | D:5      | Reached skill level 9 in Ranged Weapons
  3515 | D:5      | Reached XP level 8. HP: 54/63 MP: 12/12
  3737 | D:5      | Noticed Menkaure
  3740 | D:5      | Killed Menkaure
  4064 | D:4      | Bought a scroll of enchant weapon for 90 gold pieces
  4103 | D:6      | Found a staircase to the Ecumenical Temple.
  4183 | D:6      | Found a sparkling altar of Nemelex Xobeh.
  4222 | D:6      | Reached **** piety under Makhleb
  4553 | D:6      | Reached XP level 9. HP: 69/69 MP: 14/14
  4717 | D:6      | Found a burning altar of Makhleb.
  5028 | D:7      | Found Kaireabu's Antique Weapon Shop.
  5648 | D:7      | Shot with an arrow by something

Illustrated notes

Levels and vault maps discovered:
D:1:      lemuel_arrival_tunnels, layout_basic
D:2:      layout_basic, dreamdust_ecumenical_altar_hidden_monk_grotto
D:3:      layout_basic
D:4:      layout_basic, zin_treasury, kennysheep_okawaru_gauntlet, serial_shops,
          shop_fountains, dreamdust_gnoll_farm
D:5:      layout_loops_ring, grunt_decor_resistance, uniq_menkaure
D:6:      layout_loops_ring, overflow_temple_1_default,
          makhleb_blood_cavern_becter, minmay_temple_entry_glass
D:7:      layout_layer_cave, serial_shops, shop, chequers_serial_rivers_micro_d,
          kennysheep_generic_room_2

Skill      XL: |  1  2  3  4  5  6  7  8  9 |
---------------+----------------------------+-----
Invocations    | 1 2 3 4 |  4.6
Short Blades   | 1 2 3 4 |  4.2
Long Blades    | 1 2 3 4 |  4.2
Axes           | 1 2 3 4 |  4.2
Maces & Flails | 1 2 3 4 |  4.2
Polearms       | 1 2 3 4 |  4.2
Staves         | 1 2 3 4 |  4.2
Throwing       | 1 2 3 4 |  4.2
Armour         | 1 2 3 4 |  4.2
Shields        | 1 2 3 4 |  4.2
Unarmed Combat | 1 2 3 4 |  4.2
Spellcasting   | 1 2 3 4 |  4.2
Evocations     | 1 2 3 4 |  4.2
Conjurations   | 1 2 3 |  3.4
Hexes          | 1 2 3 |  3.4
Summonings     | 1 2 3 |  3.4
Necromancy     | 1 2 3 |  3.4
Translocations | 1 2 3 |  3.4
Transmutations | 1 2 3 |  3.4
Fire Magic     | 1 2 3 |  3.4
Ice Magic      | 1 2 3 |  3.4
Air Magic      | 1 2 3 |  3.4
Earth Magic    | 1 2 3 |  3.4
Poison Magic   | 1 2 3 |  3.4
Stealth        | 3 4 |  4.9
Fighting       | 5 6 |  6.3
Dodging        | 5 6 |  6.3
Ranged Weapons | 9 |  9.5

Action                   |  1- 3 |  4- 6 |  7- 9 || total
-------------------------+-------+-------+-------++-------
Melee: Dagger            |    16 |    90 |   187 ||   293
       Bite              |     1 |    14 |    31 ||    46
       Punch             |       |       |    10 ||    10
 Fire: Shortbow          |   104 |    78 |   130 ||   312
  Use: Scroll            |       |     9 |     3 ||    12
       Potion            |       |     1 |     3 ||     4
 Stab: Sleeping          |       |     2 |     6 ||     8
Armor: Leather armour    |    19 |     9 |    45 ||    73
Dodge: Dodged            |    26 |    73 |   122 ||   221
       Repelled          |       |     2 |     1 ||     3
Block: Other             |       |       |    19 ||    19

Table legend: (Time is in decaauts)
 A = Elapsed time spent in this place.
 B = Non-inter-level travel time spent in this place.
 C = Inter-level travel time spent in this place.
 D = Time resting spent in this place.
 E = Time spent auto-exploring this place.
 F = Levels seen in this place.
 G = Mean time per level.
                   A        B        C        D        E       F      G
               +--------+--------+--------+--------+--------+-----+--------+
         Total |   5613 |   5361 |    252 |    519 |   3765 |   7 |  801.9 |
       Dungeon |   5613 |   5361 |    252 |    519 |   3765 |   7 |  801.9 |
               +--------+--------+--------+--------+--------+-----+--------+

Top non-repeatable levels by time:
     D:5: 1101 daAuts
     D:3: 942 daAuts
     D:6: 922 daAuts
     D:4: 669 daAuts
     D:2: 668 daAuts
     D:1: 666 daAuts
     D:7: 642 daAuts
